 Dungeon Crawl Stone Soup version 0.31-a0-825-gf28bc0971e (webtiles) character file.

Game seed: 5075321966644698875

44 qw the Shooter (level 3, 0/22 HPs)
             Began as a Gargoyle Hunter on Sept 23, 2023.
             Slain by Sigmund
             ... wielding a +0 scythe
              (6 damage)
             ... on level 2 of the Dungeon.
             The game lasted 00:00:28 (1052 turns).

qw the Shooter (Gargoyle Hunter)                    Turns: 1052, Time: 00:00:29

Health: 0/22       AC:  8    Str: 14    XL:     3   Next: 60%
Magic:  3/3        EV: 10    Int:  9    God:
Gold:   43         SH:  0    Dex: 15    Spells: 2/2 levels left

rFire   . . .        Y - +0 shortbow
rCold   + . .        (shield currently unavailable)
rNeg    + . .        e - +0 ring mail {rC+}
rPois   inf          (no helmet)
rElec   +            (no cloak)
rCorr   .            (no gloves)
SInv    .            (no boots)
Will    .....        (no amulet) Stlth
                     (no ring)
HPRegen 0.23/turn    (no ring)
MPRegen 0.08/turn

%: no passive effects
@: confused
A: sickness immunity, AC +3, negative energy resistance 1, electricity
resistance, torment resistance 1, petrification resistance
a: no special abilities


You were on level 2 of the Dungeon.
You visited 1 branch of the dungeon, and saw 2 of its levels.

You collected 43 gold pieces.


Innate Abilities, Weirdness & Mutations

You are immune to sickness and miasma.
Your stone body is resilient. (AC +3)
You are immune to poison.
You resist negative energy. (rN+)
You are resistant to electric shocks. (rElec)
You are resistant to unholy torment.
You are immune to petrification.


   Skills:
 - Level 2.5 Fighting
 - Level 5.0 Ranged Weapons
 + Level 0.6 Armour
 - Level 1.5 Dodging
 - Level 1.1 Stealth


You had 2 spell levels left.
You didn't know any spells.
Your spell library was empty.

Inventory:

Hand Weapons
 Y - a +0 shortbow (weapon)
Armour
 e - a +0 ring mail of cold resistance (worn)
Scrolls
 b - a scroll of enchant armour {unknown}
Potions
 a - a potion of attraction {unknown}
 c - a potion of heal wounds {unknown}
 d - a potion of mutation {unknown}
 g - a potion of curing {unknown}

Dungeon Overview and Level Annotations

Branches:
Dungeon (2/15)

Altars:

Shops:
D:1 ?

Annotations:
D:2 Sigmund


Message History

You kill the bat!
You shoot an arrow. The arrow hits the endoplasm.
You kill the endoplasm!
c - a yellow potion Sigmund the Dreaded comes into view.
He is wielding a +0 scythe.
Sigmund shouts!
Sigmund points at you and mumbles some strange words.
You resist with significant effort.
You shoot an arrow. The arrow hits Sigmund.
Sigmund is lightly wounded.
You shoot an arrow.
The arrow hits Sigmund but does no damage.
Sigmund is lightly wounded.
You shoot an arrow. The arrow hits Sigmund.
Sigmund is moderately wounded.
Sigmund casts a spell at you.
You are confused.
Sigmund casts a spell at you. The puff of flame hits you.
Sigmund mumbles some strange words.
Sigmund flickers and vanishes!
Deactivating autopickup; reactivate with Ctrl-A.
You shoot an arrow. Something hits you.
You shoot an arrow. Something hits you.
You shoot an arrow. You shoot an arrow.
You feel less confused.
You hear some strange, mumbled words.
You are confused.
Something hits you.
You shoot an arrow.
You hear some strange, mumbled words.
Something tries to affect you, but you resist.
You shoot an arrow. Something hits you!
You shoot an arrow. Something hits you.
You die...

# ### # .. # ..
# ######. #
...... # #..{#
...##.#.## #
#.....@.###.###
#..###........#
#. ##..##....##
#.# ##.## #...#
##.# #..#
#....##..# ##.#
#........ #.##
#.......# #..#
#.......# ##.##
#........


There were no monsters in sight!

Vanquished Creatures
  4 endoplasms
  3 giant cockroaches (D:1)
  4 goblins
  2 hobgoblins (D:1)
  8 jackals (D:1)
  3 kobolds (D:1)
  2 quokkas (D:1)
  A ball python (D:1)
  4 bats
  A frilled lizard (D:1)
  5 rats
37 creatures vanquished.

Notes
Turn   | Place    | Note
-------+----------+-------------------------------------------
     0 | D:1      | qw the Gargoyle Hunter began the quest for the Orb.
     0 | D:1      | Reached XP level 1. HP: 12/12 MP: 1/1
     0 | D:1      | 0 ||| qw: Version: 0.3-a-83-gcd0e7d8
     0 | D:1      | 0 ||| qw: Game counter: 1824
     0 | D:1      | 0 ||| qw: Melee chars always use a shield: true
     0 | D:1      | 0 ||| qw: God list: Okawaru
     0 | D:1      | 0 ||| qw: Allow faded altars: false
     0 | D:1      | 0 ||| qw: Do Orc after clearing Dungeon:15 true
     0 | D:1      | 0 ||| qw: Do second Lair branch before Depths: true
     0 | D:1      | 0 ||| qw: Lair rune preference: random
     0 | D:1      | 0 ||| qw: Goals: Normal
     0 | D:1      | 0 ||| PLANNING D:1-11
   202 | D:1      | Reached XP level 2. HP: 6/17 MP: 2/2
   203 | D:1      | HP: 4/17 [jackal (1)]
   210 | D:1      | HP: 4/17 [jackal (1)]
   285 | D:1      | Found Yptumali's Magic Scroll Boutique.
   295 | D:1      | 295 ||| SHOPLISTING 2 scrolls of teleportation (84 gold,
                  | have 22).
   295 | D:1      | 295 ||| SHOPLISTING scroll of identify (28 gold, have 22).
   295 | D:1      | 295 ||| SHOPLISTING scroll of teleportation (42 gold, have
                  | 22).
   417 | D:1      | 417 ||| Stepping ~*~*~tactically~*~*~ (retreating).
   418 | D:1      | 418 ||| Stepping ~*~*~tactically~*~*~ (retreating).
   419 | D:1      | 419 ||| RETREEAATING.
   422 | D:1      | Reached XP level 3. HP: 20/21 MP: 3/3
   428 | D:1      | Reached skill level 5 in Ranged Weapons
   855 | D:1      | 855 ||| UPGRADING to +0 ring mail of cold resistance.
   865 | D:1      | 865 ||| DROPPING +0 leather armour.
   866 | D:1      | 866 ||| READING scroll labelled LIOTSY KERROHA.
   867 | D:1      | 867 ||| READING scroll labelled REKUSE MUWK.
   882 | D:1      | 882 ||| READING scroll labelled KEOVUQ LUICAXORU.
   883 | D:1      | 883 ||| READING scroll labelled TYUKOQUMIE.
   884 | D:1      | 884 ||| DROPPING scroll of butterflies.
  1039 | D:2      | Noticed Sigmund
  1051 | D:2      | HP: 5/22 [something (8)]
  1052 | D:2      | Slain by Sigmund

Levels and vault maps discovered:
D:1:      lightli_iron_boxes, layout_basic, serial_shops, shop, st_stairs_7
D:2:      layout_rooms, basic_altar, minmay_pentomino_x4, uniq_terence,
          uniq_sigmund

Skill      XL: |  1  2  3 |
---------------+----------+-----
Ranged Weapons | 5 |  5.0
Fighting       | |  2.5
Armour         | |  0.6
Dodging        | |  1.5
Stealth        | |  1.1

Action                     || total
---------------------------++-------
   Fire: Shortbow          ||   110
    Use: Scroll            ||     4
 Armour: Leather armour    ||    30
         Ring mail         ||    12
  Dodge: Dodged            ||    31

Table legend:
 A = Non-vault XP
 B = Vault XP
 C = Vault XP percentage of total XP
 D = Non-vault monster count
 E = Vault monster count
 F = Vault count percentage of total count
                 A         B        C        D         E       F
            +---------+---------+-------+---------+---------+-------
      Total |      59 |       4 |   6.3 |      35 |       2 |   5.4
            +---------+---------+-------+---------+---------+-------
        D:1 |      51 |       4 |   7.3 |      30 |       2 |   6.2
        D:2 |       8 |       0 |   0.0 |       5 |       0 |   0.0
            +---------+---------+-------+---------+---------+-------
